TOP OF THE 1ST |
Princeton Rays batting - Pitching for Burlington Royals : LHP Brett Reed
|
Pitching: LHP Brett Reed
|
|
Batting: RHB Alex Koral
|
0-0: Ball 1-0: Foul Ball, location: 2F 1-1: Ball 2-1: Foul Ball, location: 2F 2-2: Strikes out swinging
|
Batting: RHB Wan-ling Zhu
|
0-0: Ball 1-0: Swinging Strike 1-1: Ball 2-1: Ball 3-1: Ground out 1-3 (Groundball, 13S, EV 70.6 MPH)
|
Batting: LHB Oscar Curiel
|
0-0: Ball 1-0: Foul Ball, location: 2F 1-1: Foul Ball, location: 2F 1-2: Ball 2-2: Ball 3-2: Foul Ball, location: 2F 3-2: Base on Balls
|
Batting: RHB Alex Zamora
|
0-0: Ball 1-0: 2-RUN HOME RUN (Flyball, 89XD, EV 103.8 MPH), Distance : 399 ft
|
Batting: RHB Jason Penfield
|
0-0: Ball 1-0: Hit by Pitch
|
Batting: SHB Luis Verduzco
|
0-0: Ball 1-0: Foul Ball, location: 2F 1-1: Foul Ball, location: 2F 1-2: Fly out, F7 (Flyball, 7LS, EV 86.9 MPH)
|
Top of the 1st over - 2 runs, 1 hit, 0 errors, 1 left on base; Princeton 2 - Burlington 0 |
BOTTOM OF THE 1ST |
Burlington Royals batting - Pitching for Princeton Rays : RHP Ryan Van Riper
|
Pitching: RHP Ryan Van Riper
|
|
Batting: RHB Jon Shonka
|
0-0: Called Strike 0-1: Ball 1-1: Ball 2-1: Called Strike 2-2: Strikes out swinging
|
Batting: RHB Ian Hornsby
|
0-0: Called Strike 0-1: Foul Ball, location: 2F 0-2: Ball 1-2: Foul Ball, location: 2F 1-2: Ball 2-2: Ball 3-2: Foul Ball, location: 2F 3-2: Base on Balls
|
Batting: RHB Dave Saldana
|
0-0: Ball 1-0: SINGLE (Line Drive, 6D, EV 94.4 MPH) Ian Hornsby to second
|
Batting: RHB Trevor Kingston
|
0-0: Swinging Strike 0-1: Foul Ball, location: 2F 0-2: Fielders Choice at 2nd, 6-4 (Groundball, 6, EV 93.1 MPH) Ian Hornsby to third
|
Batting: RHB Junro Kato
|
0-0: Called Strike 0-1: Foul Ball, location: 2F 0-2: Ball 1-2: Strikes out swinging
|
Bottom of the 1st over - 0 runs, 1 hit, 0 errors, 2 left on base; Princeton 2 - Burlington 0 |
TOP OF THE 2ND |
Princeton Rays batting - Pitching for Burlington Royals : LHP Brett Reed
|
Batting: SHB Berthold Frey
|
0-0: Ball 1-0: Swinging Strike 1-1: Ball 2-1: SOLO HOME RUN (Flyball, 7LD, EV 93.1 MPH), Distance : 333 ft
|
Batting: RHB Bogumil Filipowski
|
0-0: Fly out, F8 (Flyball, 78D, EV 78.1 MPH)
|
Batting: LHB Sean Boenig
|
0-0: Swinging Strike 0-1: Swinging Strike 0-2: Ball 1-2: Strikes out looking
|
Batting: RHB Alex Koral
|
0-0: Fly out, F8 (Line Drive, 8RM, EV 86.9 MPH)
|
Top of the 2nd over - 1 run, 1 hit, 0 errors, 0 left on base; Princeton 3 - Burlington 0 |
BOTTOM OF THE 2ND |
Burlington Royals batting - Pitching for Princeton Rays : RHP Ryan Van Riper
|
Batting: RHB Carlos Santoni
|
0-0: Called Strike 0-1: Ball 1-1: Foul Ball, location: 2F 1-2: Ball 2-2: Ball 3-2: Foul Ball, location: 2F 3-2: Foul Ball, location: 2F 3-2: Ground out 6-3 (Groundball, 6, EV 87.5 MPH)
|
Batting: RHB Jason Conner
|
0-0: Ball 1-0: Fly out, F9 (Flyball, 9, EV 89.4 MPH)
|
Batting: LHB Jim Haggart
|
0-0: Ball 1-0: Ground out 4-3 (Groundball, 4D, EV 105.6 MPH)
|
Bottom of the 2nd over - 0 runs, 0 hits, 0 errors, 0 left on base; Princeton 3 - Burlington 0 |
TOP OF THE 3RD |
Princeton Rays batting - Pitching for Burlington Royals : LHP Brett Reed
|
Batting: RHB Wan-ling Zhu
|
0-0: Ball 1-0: Ball 2-0: Foul Ball, location: 2F 2-1: Ball 3-1: Base on Balls
|
Batting: LHB Oscar Curiel
|
0-0: Called Strike 0-1: Called Strike 0-2: Ball 1-2: SINGLE (Groundball, 3D, EV 98.1 MPH) Wan-ling Zhu to second Runner from 2nd tries for 3rd, SAFE, throw by RF made to third
|
Batting: RHB Alex Zamora
|
0-0: Ball 1-0: Ball 2-0: Ball 3-0: Called Strike 3-1: Foul Ball, location: 2F 3-2: Base on Balls Oscar Curiel to second
|
Batting: RHB Jason Penfield
|
0-0: Fly out, F8 (Flyball, 78D, EV 90.6 MPH)
|
Pitching: RHP Luis Diaz
|
|
Batting: SHB Luis Verduzco
|
0-0: Called Strike 0-1: Ball 1-1: Swinging Strike 1-2: Foul Ball, location: 2F 1-2: Ball 2-2: Strikes out looking
|
Batting: SHB Berthold Frey
|
0-0: Ball 1-0: Ground out U3 (Groundball, 34S, EV 87.5 MPH)
|
Top of the 3rd over - 0 runs, 1 hit, 0 errors, 3 left on base; Princeton 3 - Burlington 0 |
BOTTOM OF THE 3RD |
Burlington Royals batting - Pitching for Princeton Rays : RHP Ryan Van Riper
|
Batting: RHB Carlos Castillo
|
0-0: Called Strike 0-1: Ball 1-1: Called Strike 1-2: Ball 2-2: Foul Ball, location: 2F 2-2: Strikes out looking
|
Batting: RHB Jon Shonka
|
0-0: Foul Ball, location: 2F 0-1: Ball 1-1: Ground out 5-3 (Groundball, 5, EV 88.8 MPH)
|
Batting: RHB Ian Hornsby
|
0-0: Ball 1-0: Swinging Strike 1-1: Foul Ball, location: 2F 1-2: Ball 2-2: Foul Ball, location: 2F 2-2: Ground out 3-1 (Groundball, 13, EV 91.9 MPH)
|
Bottom of the 3rd over - 0 runs, 0 hits, 0 errors, 0 left on base; Princeton 3 - Burlington 0 |
TOP OF THE 4TH |
Princeton Rays batting - Pitching for Burlington Royals : RHP Luis Diaz
|
Batting: RHB Bogumil Filipowski
|
0-0: Called Strike 0-1: Foul Ball, location: 2F 0-2: Ball 1-2: Strikes out swinging
|
Batting: LHB Sean Boenig
|
0-0: Ball 1-0: Ball 2-0: Ball 3-0: Called Strike 3-1: Base on Balls
|
Batting: RHB Alex Koral
|
0-0: Ball 1-0: Ball 2-0: Called Strike 2-1: Foul Ball, location: 2F 2-2: Strikes out swinging
|
Batting: RHB Wan-ling Zhu
|
0-0: Ball 1-0: Ground out 4-3 (Groundball, 4, EV 84.4 MPH)
|
Top of the 4th over - 0 runs, 0 hits, 0 errors, 1 left on base; Princeton 3 - Burlington 0 |
BOTTOM OF THE 4TH |
Burlington Royals batting - Pitching for Princeton Rays : RHP Ryan Van Riper
|
Batting: RHB Dave Saldana
|
0-0: Ball 1-0: Ball 2-0: Ball 3-0: Base on Balls
|
Batting: RHB Trevor Kingston
|
0-0: Ball 1-0: Ball 2-0: Foul Ball, location: 2F 2-1: Foul Ball, location: 2F 2-2: Strikes out looking
|
Batting: RHB Junro Kato
|
0-0: Called Strike 0-1: Called Strike 0-2: Ball 1-2: Ball 2-2: Ball 3-2: Strikes out swinging
|
Batting: RHB Carlos Santoni
|
0-0: Called Strike 0-1: Swinging Strike 0-2: Ground out 5-3 (Groundball, 56S, EV 90.6 MPH)
|
Bottom of the 4th over - 0 runs, 0 hits, 0 errors, 1 left on base; Princeton 3 - Burlington 0 |
TOP OF THE 5TH |
Princeton Rays batting - Pitching for Burlington Royals : RHP Luis Diaz
|
Batting: LHB Oscar Curiel
|
0-0: Called Strike 0-1: SINGLE (Line Drive, 89M, EV 110.6 MPH)
|
Batting: RHB Alex Zamora
|
0-0: Called Strike Oscar Curiel steals 2nd base 0-1: Ball 1-1: Ball 2-1: Ground out 5-3 (Groundball, 5L, EV 86.2 MPH)
|
Batting: RHB Jason Penfield
|
0-0: Called Strike 0-1: Swinging Strike 0-2: Ball 1-2: Strikes out swinging
|
Batting: SHB Luis Verduzco
|
0-0: Fly out, F8 (Flyball, 8LD, EV 104.4 MPH)
|
Top of the 5th over - 0 runs, 1 hit, 0 errors, 1 left on base; Princeton 3 - Burlington 0 |
BOTTOM OF THE 5TH |
Burlington Royals batting - Pitching for Princeton Rays : RHP Ryan Van Riper
|
Batting: RHB Jason Conner
|
0-0: Foul Ball, location: 2F 0-1: Ball 1-1: Foul Ball, location: 2F 1-2: Foul Ball, location: 2F 1-2: Strikes out swinging
|
Batting: LHB Jim Haggart
|
0-0: Called Strike 0-1: Ball 1-1: Swinging Strike 1-2: Ground out U3 (Groundball, 3L, EV 87.5 MPH)
|
Batting: RHB Carlos Castillo
|
0-0: Foul Ball, location: 2F 0-1: Ball 1-1: Fly out, F8 (Flyball, 8LM, EV 90.0 MPH)
|
Bottom of the 5th over - 0 runs, 0 hits, 0 errors, 0 left on base; Princeton 3 - Burlington 0 |
TOP OF THE 6TH |
Princeton Rays batting - Pitching for Burlington Royals : RHP Luis Diaz
|
Batting: SHB Berthold Frey
|
0-0: Ball 1-0: Ground out 4-3 (Groundball, 4, EV 83.1 MPH)
|
Pinch Hitting: LHB Dave Northam
|
0-0: Foul Ball, location: 2F 0-1: Ball 1-1: Called Strike 1-2: Foul Ball, location: 2F 1-2: Ball 2-2: Ground out U3 (Groundball, 3L, EV 88.8 MPH)
|
Pitching: RHP Zong-yuan Xue
|
|
Batting: LHB Sean Boenig
|
0-0: Ball 1-0: Foul Ball, location: 2F 1-1: Ball 2-1: Ground out 4-3 (Groundball, 4, EV 97.5 MPH)
|
Top of the 6th over - 0 runs, 0 hits, 0 errors, 0 left on base; Princeton 3 - Burlington 0 |
BOTTOM OF THE 6TH |
Burlington Royals batting - Pitching for Princeton Rays : RHP Ryan Van Riper
|
Now at 3B: Jim Erdody
|
|
Batting: RHB Jon Shonka
|
0-0: Called Strike 0-1: Swinging Strike 0-2: Ball 1-2: Foul Ball, location: 2F 1-2: SINGLE (Groundball, 34S, EV 69.4 MPH) (infield hit)
|
Batting: RHB Ian Hornsby
|
0-0: Ball 1-0: Called Strike 1-1: Ball 2-1: Swinging Strike 2-2: Fielders Choice at 2nd, 5-4 (Groundball, 5S, EV 88.8 MPH)
|
Batting: RHB Dave Saldana
|
0-0: Ball Wild Pitch! Ian Hornsby to second 1-0: Foul Ball, location: 2F 1-1: Swinging Strike 1-2: SINGLE (Groundball, 34D, EV 93.8 MPH) Ian Hornsby to third
|
Batting: RHB Trevor Kingston
|
0-0: Ball 1-0: Fly out, F8 (Flyball, 8RXD, EV 101.2 MPH) Runner from 3rd tags up, SCORES, no throw by CF
|
Batting: RHB Junro Kato
|
0-0: DOUBLE (Flyball, 78D, EV 91.2 MPH) Dave Saldana to third
|
Batting: RHB Carlos Santoni
|
0-0: Called Strike 0-1: Called Strike 0-2: Strikes out looking
|
Bottom of the 6th over - 1 run, 3 hits, 0 errors, 2 left on base; Princeton 3 - Burlington 1 |
TOP OF THE 7TH |
Princeton Rays batting - Pitching for Burlington Royals : RHP Zong-yuan Xue
|
Batting: RHB Alex Koral
|
0-0: Foul Ball, location: 2F 0-1: DOUBLE (Flyball, 8RD, EV 103.1 MPH)
|
Batting: RHB Wan-ling Zhu
|
0-0: Ball 1-0: Ground out 6-3 (Groundball, 6, EV 106.2 MPH)
|
Batting: LHB Oscar Curiel
|
0-0: Called Strike 0-1: Ball 1-1: Foul Ball, location: 2F 1-2: Strikes out swinging
|
Batting: RHB Alex Zamora
|
0-0: Called Strike 0-1: Ball 1-1: Ball 2-1: Swinging Strike 2-2: SINGLE (Line Drive, 7S, EV 105.6 MPH) Alex Koral to third Runner from 3rd tries for Home, SAFE, throw by LF to home
|
Batting: RHB Jason Penfield
|
0-0: Ball 1-0: Called Strike 1-1: Fly out, F9 (Flyball, 89M, EV 85.6 MPH)
|
Top of the 7th over - 1 run, 2 hits, 0 errors, 1 left on base; Princeton 4 - Burlington 1 |
BOTTOM OF THE 7TH |
Burlington Royals batting - Pitching for Princeton Rays : RHP Ryan Van Riper
|
Batting: RHB Jason Conner
|
0-0: SINGLE (Line Drive, 56D, EV 96.9 MPH)
|
Batting: LHB Jim Haggart
|
0-0: Bunted foul 0-1: Bunted foul 0-2: Bunted foul, Strikeout!
|
Batting: RHB Carlos Castillo
|
0-0: Fielders Choice at 2nd, 6-4 (Groundball, 56, EV 104.4 MPH)
|
Batting: RHB Jon Shonka
|
Balk! Carlos Castillo to second 0-0: Ball 1-0: Called Strike 1-1: Ground out 1-3 (Groundball, 13S, EV 64.4 MPH)
|
Bottom of the 7th over - 0 runs, 1 hit, 0 errors, 1 left on base; Princeton 4 - Burlington 1 |
TOP OF THE 8TH |
Princeton Rays batting - Pitching for Burlington Royals : RHP Zong-yuan Xue
|
Batting: SHB Luis Verduzco
|
0-0: Called Strike 0-1: Ball 1-1: Ball 2-1: Called Strike 2-2: Ground out U3 (Groundball, 3, EV 87.5 MPH)
|
Batting: SHB Berthold Frey
|
0-0: Ball 1-0: Fly out, F8 (Line Drive, 78D, EV 91.9 MPH)
|
Batting: RHB Jim Erdody
|
0-0: Swinging Strike 0-1: Ball 1-1: Ball 2-1: Ground out 5-3 (Groundball, 5L, EV 103.8 MPH)
|
Top of the 8th over - 0 runs, 0 hits, 0 errors, 0 left on base; Princeton 4 - Burlington 1 |
BOTTOM OF THE 8TH |
Burlington Royals batting - Pitching for Princeton Rays : RHP Ryan Van Riper
|
Pitching: RHP J.P. Tesauro
|
|
Now in LF: Adam Turpin
|
|
Now in RF: Luis Verduzco
|
|
Batting: RHB Ian Hornsby
|
0-0: Swinging Strike 0-1: Ball 1-1: Foul Ball, location: 2F 1-2: Strikes out swinging
|
Batting: RHB Dave Saldana
|
0-0: Ball 1-0: Ground out 2-3 (Groundball, 2R, EV 68.8 MPH)
|
Batting: RHB Trevor Kingston
|
0-0: Ball 1-0: Swinging Strike 1-1: Swinging Strike 1-2: Ball 2-2: Ball 3-2: Base on Balls
|
Batting: RHB Junro Kato
|
0-0: Foul Ball, location: 2F 0-1: Fly out, F8 (Flyball, 89M, EV 86.9 MPH)
|
Bottom of the 8th over - 0 runs, 0 hits, 0 errors, 1 left on base; Princeton 4 - Burlington 1 |
TOP OF THE 9TH |
Princeton Rays batting - Pitching for Burlington Royals : RHP Zong-yuan Xue
|
Batting: LHB Sean Boenig
|
0-0: Ball 1-0: Called Strike 1-1: Ball 2-1: SOLO HOME RUN (Flyball, 9LD, EV 96.9 MPH), Distance : 346 ft
|
Pitching: RHP Jordan Viveros
|
|
Batting: RHB Alex Koral
|
0-0: Called Strike 0-1: Foul Ball, location: 2F 0-2: Ball 1-2: Strikes out swinging
|
Batting: RHB Wan-ling Zhu
|
0-0: Ball 1-0: Ball 2-0: Swinging Strike 2-1: Foul Ball, location: 2F 2-2: Ball 3-2: Foul Ball, location: 2F 3-2: Foul Ball, location: 2F 3-2: Foul Ball, location: 2F 3-2: Strikes out swinging
|
Batting: LHB Oscar Curiel
|
0-0: Ball 1-0: Foul Ball, location: 2F 1-1: Ball 2-1: Ball 3-1: Base on Balls
|
Batting: RHB Alex Zamora
|
0-0: Called Strike 0-1: Ball 1-1: Foul Ball, location: 2F 1-2: Foul Ball, location: 2F 1-2: Ball 2-2: Foul Ball, location: 2F 2-2: Foul Ball, location: 2F 2-2: Ball 3-2: Base on Balls Oscar Curiel to second
|
Batting: RHB Jason Penfield
|
0-0: Foul Ball, location: 2F 0-1: Swinging Strike 0-2: Strikes out swinging
|
Top of the 9th over - 1 run, 1 hit, 0 errors, 2 left on base; Princeton 5 - Burlington 1 |
BOTTOM OF THE 9TH |
Burlington Royals batting - Pitching for Princeton Rays : RHP J.P. Tesauro
|
Batting: RHB Carlos Santoni
|
0-0: Ball 1-0: Called Strike 1-1: Called Strike 1-2: Foul Ball, location: 2F 1-2: Ball 2-2: Strikes out swinging
|
Batting: RHB Jason Conner
|
0-0: Ground out 6-3 (Groundball, 6, EV 81.2 MPH)
|
Batting: LHB Jim Haggart
|
0-0: Ball 1-0: Called Strike 1-1: Foul Ball, location: 2F 1-2: Ball 2-2: Ball 3-2: Foul Ball, location: 2F 3-2: DOUBLE (Line Drive, 3D, EV 97.5 MPH)
|
Batting: RHB Carlos Castillo
|
0-0: DOUBLE (Flyball, 89D, EV 110.0 MPH) Jim Haggart scores
|
Pitching: RHP Mike Balm
|
|
Now at 2B: Joshua Jackson
|
|
Batting: RHB Jon Shonka
|
0-0: Ball 1-0: Called Strike 1-1: Ball 2-1: SINGLE (Line Drive, 4M, EV 94.4 MPH) Carlos Castillo to third
|
Batting: RHB Ian Hornsby
|
0-0: Ball 1-0: 3-RUN HOME RUN (Flyball, 7D, EV 97.5 MPH), Distance : 372 ft
|
Batting: RHB Dave Saldana
|
0-0: Called Strike 0-1: Swinging Strike 0-2: Ball 1-2: Ball 2-2: Ball 3-2: Strikes out swinging
|
Bottom of the 9th over - 4 runs, 4 hits, 0 errors, 0 left on base; Princeton 5 - Burlington 5 |
TOP OF THE 10TH |
Princeton Rays batting - Pitching for Burlington Royals : RHP Jordan Viveros
|
Pinch Hitting: SHB Ray Luna
|
0-0: Called Strike 0-1: Fly out, F8 (Flyball, 8LD, EV 93.8 MPH)
|
Batting: RHB Adam Turpin
|
0-0: Ball 1-0: SOLO HOME RUN (Flyball, 7D, EV 99.4 MPH), Distance : 381 ft
|
Batting: RHB Jim Erdody
|
0-0: Ball 1-0: Ball 2-0: Called Strike 2-1: DOUBLE (Line Drive, 9LS, EV 107.5 MPH)
|
Pitching: RHP Brett Essary
|
|
Batting: LHB Sean Boenig
|
0-0: Ball 1-0: Called Strike 1-1: Foul Ball, location: 2F 1-2: Ball 2-2: Ball 3-2: Base on Balls
|
Batting: SHB Joshua Jackson
|
0-0: Ball 1-0: Ball 2-0: Called Strike 2-1: Swinging Strike 2-2: Ball 3-2: Base on Balls Jim Erdody to third Sean Boenig to second
|
Batting: RHB Wan-ling Zhu
|
0-0: Called Strike 0-1: Foul Ball, location: 2F 0-2: DOUBLE (Groundball, 5L, EV 103.1 MPH) Jim Erdody scores Sean Boenig scores Joshua Jackson to third
|
Batting: LHB Oscar Curiel
|
0-0: Ball 1-0: Ball 2-0: Ball Passed Ball! Joshua Jackson scores Wan-ling Zhu to third 3-0: Base on Balls
|
Pitching: RHP Paul Gibbens
|
|
Batting: RHB Alex Zamora
|
0-0: Called Strike Oscar Curiel steals 2nd, throwing error, E2 Wan-ling Zhu scores Oscar Curiel to third 0-1: Ball 1-1: Foul Ball, location: 2F 1-2: Foul Ball, location: 2F 1-2: Ball 2-2: Ball 3-2: Fly out, F8 (Flyball, 8LM, EV 93.8 MPH)
|
Batting: RHB Jason Penfield
|
0-0: Called Strike 0-1: Swinging Strike 0-2: Strikes out swinging
|
Top of the 10th over - 5 runs, 3 hits, 1 error, 1 left on base; Princeton 10 - Burlington 5 |
BOTTOM OF THE 10TH |
Burlington Royals batting - Pitching for Princeton Rays : RHP Mike Balm
|
Pitching: LHP Dave Lindsay
|
|
Now in CF: Roberto Aispuro
|
|
Now in RF: Sean Boenig
|
|
Batting: RHB Trevor Kingston
|
0-0: Swinging Strike 0-1: Called Strike 0-2: Ball 1-2: Strikes out looking
|
Batting: RHB Junro Kato
|
0-0: Foul Ball, location: 2F 0-1: Called Strike 0-2: Ball 1-2: Ball 2-2: Strikes out swinging
|
Batting: RHB Carlos Santoni
|
0-0: Foul Ball, location: 2F 0-1: Called Strike 0-2: Ball 1-2: Strikes out swinging
|
Bottom of the 10th over - 0 runs, 0 hits, 0 errors, 0 left on base; Princeton 10 - Burlington 5 |
|